PL
BUCKHEAD BOWTIES @ FT. WORTH CATTLEMEN
08/22/2023
 
TOP OF THE 1ST
Buckhead Bowties batting - Pitching for Ft. Worth Cattlemen : LHP Bartolomeu Lio
Pitching: LHP Bartolomeu Lio
Batting: RHB Phil Baker 0-0: Called Strike
0-1: Ball
1-1: Ball
2-1: Ball
3-1: SINGLE (Groundball, 13) (infield hit)
Batting: LHB Neil Lawson 0-0: Foul Ball, location: 2F
0-1: Ball
1-1: Ball
2-1: Swinging Strike
2-2: Foul Ball, location: 2F
2-2: Ball
3-2: Foul Ball, location: 2F
3-2: Base on Balls
Phil Baker to second
Batting: RHB Enrique Marroquín 0-0: Ball
1-0: Called Strike
1-1: Ball
2-1: Grounds into double play, 5-4-3 (Groundball, 5)
Phil Baker to third
Batting: RHB Gabriel Rodríguez 0-0: Called Strike
0-1: Ball
1-1: Foul Ball, location: 2F
1-2: Ball
2-2: Foul Ball, location: 2F
2-2: Foul Ball, location: 2F
2-2: SINGLE (Flyball, 9LM)
Phil Baker scores
Batting: LHB Tony Martínez 0-0: Ball
1-0: DOUBLE (Flyball, 7D)
Gabriel Rodríguez to third
Batting: LHB Gregg Young 0-0: Called Strike
0-1: Ball
1-1: Called Strike
1-2: Strikes out looking
Top of the 1st over - 1 run(s), 3 hit(s), 0 error(s), 2 left on base; Buckhead 1 - Ft. Worth 0
BOTTOM OF THE 1ST
Ft. Worth Cattlemen batting - Pitching for Buckhead Bowties : LHP Chester Henry
Pitching: LHP Chester Henry
Batting: RHB Jorge Rosa 0-0: Ball
1-0: Called Strike
1-1: Foul Ball, location: 2F
1-2: Fly out, F8 (Flyball, 8LM)
Batting: SHB Robby Day 0-0: Swinging Strike
0-1: Ball
1-1: Foul Ball, location: 2F
1-2: Ground out 6-3 (Groundball, 6)
Batting: LHB Toyokazu Asano 0-0: Ball
1-0: SINGLE (Flyball, 6MD)
Batting: RHB Bart Lewis 0-0: Foul Ball, location: 2F
0-1: Swinging Strike
0-2: SINGLE (Groundball, 6D) (infield hit)
Toyokazu Asano to second
Batting: RHB Dave King 0-0: Ball
1-0: Ball
2-0: Called Strike
2-1: Foul Ball, location: 2F
2-2: Fly out, F8 (Line Drive, 8LM)
Bottom of the 1st over - 0 run(s), 2 hit(s), 0 error(s), 2 left on base; Buckhead 1 - Ft. Worth 0
TOP OF THE 2ND
Buckhead Bowties batting - Pitching for Ft. Worth Cattlemen : LHP Bartolomeu Lio
Batting: RHB Won-min Yi 0-0: Ball
1-0: Ball
2-0: Ball
3-0: Called Strike
3-1: Fly out, F7 (Line Drive, 78S)
Batting: RHB Pedro Morales 0-0: Ball
1-0: Ball
2-0: Foul Ball, location: 2F
2-1: Ground out 1-3 (Groundball, 25)
Batting: RHB Domingo García 0-0: Ball
1-0: Ball
2-0: Hit by Pitch
Batting: RHB Phil Baker 0-0: Called Strike
0-1: Ball
1-1: Ball
2-1: Ball
3-1: Ground out 5-3 (Groundball, 15S)
Top of the 2nd over - 0 run(s), 0 hit(s), 0 error(s), 1 left on base; Buckhead 1 - Ft. Worth 0
BOTTOM OF THE 2ND
Ft. Worth Cattlemen batting - Pitching for Buckhead Bowties : LHP Chester Henry
Batting: RHB Alan Elder 0-0: Foul Ball, location: 2F
0-1: Ball
1-1: Ball
2-1: Swinging Strike
2-2: Foul Ball, location: 2F
2-2: Ball
3-2: SINGLE (Groundball, 6MD)
Batting: RHB Matt Sheppard 0-0: Called Strike
0-1: Ball
1-1: Foul Ball, location: 2F
1-2: Ball
2-2: Strikes out looking
Batting: RHB Joey Morgan 0-0: Called Strike
0-1: 2-RUN HOME RUN (Flyball, 8LXD), Distance : 437 ft
Batting: LHB Ryan Westlake 0-0: Swinging Strike
0-1: Foul Ball, location: 2F
0-2: Ball
1-2: Ball
2-2: Foul Ball, location: 2F
2-2: Foul Ball, location: 2F
2-2: Ball
3-2: Fly out, F8 (Line Drive, 8LS)
Batting: RHB Jorge Rosa 0-0: SINGLE (Groundball, 56D)
Batting: SHB Robby Day 0-0: Ball
1-0: Ball
2-0: Ball
3-0: Called Strike
3-1: Fly out, F4 (Line Drive, 4M)
Bottom of the 2nd over - 2 run(s), 3 hit(s), 0 error(s), 1 left on base; Buckhead 1 - Ft. Worth 2
TOP OF THE 3RD
Buckhead Bowties batting - Pitching for Ft. Worth Cattlemen : LHP Bartolomeu Lio
Batting: LHB Neil Lawson 0-0: Ball
1-0: Ball
2-0: SINGLE (Line Drive, 6D)
Batting: RHB Enrique Marroquín 0-0: Ball
1-0: Called Strike
1-1: Foul Ball, location: 2F
1-2: SINGLE (Line Drive, 34)
Neil Lawson to second
Batting: RHB Gabriel Rodríguez 0-0: Ball
1-0: Called Strike
1-1: Ball
2-1: Foul Ball, location: 2F
2-2: Foul Ball, location: 2F
2-2: Foul Ball, location: 2F
2-2: Strikes out swinging
Batting: LHB Tony Martínez 0-0: Called Strike
0-1: Grounds into double play, 1-6-3 (Groundball, 25)
Top of the 3rd over - 0 run(s), 2 hit(s), 0 error(s), 1 left on base; Buckhead 1 - Ft. Worth 2
BOTTOM OF THE 3RD
Ft. Worth Cattlemen batting - Pitching for Buckhead Bowties : LHP Chester Henry
Batting: LHB Toyokazu Asano 0-0: Called Strike
0-1: Swinging Strike
0-2: Ball
1-2: Ground out 4-3 (Groundball, 4)
Batting: RHB Bart Lewis 0-0: Called Strike
0-1: SINGLE (Line Drive, 4D)
Batting: RHB Dave King 0-0: Foul Ball, location: 2F
0-1: Swinging Strike
0-2: Foul Ball, location: 2F
0-2: SINGLE (Groundball, 56D)
Bart Lewis to second
Batting: RHB Alan Elder 0-0: Called Strike
0-1: Ball
1-1: Called Strike
1-2: Ball
2-2: DOUBLE (Groundball, 5L)
Bart Lewis scores
Dave King to third
Runner from 3rd tries for Home, throw and OUT!
Batting: RHB Matt Sheppard 0-0: Ball
1-0: Called Strike
1-1: Swinging Strike
1-2: Strikes out swinging
Bottom of the 3rd over - 1 run(s), 3 hit(s), 0 error(s), 1 left on base; Buckhead 1 - Ft. Worth 3
TOP OF THE 4TH
Buckhead Bowties batting - Pitching for Ft. Worth Cattlemen : LHP Bartolomeu Lio
Batting: LHB Gregg Young 0-0: Ball
1-0: Swinging Strike
1-1: Fly out, F9 (Flyball, 9LD)
Batting: RHB Won-min Yi 0-0: Ball
1-0: Ball
2-0: SINGLE (Groundball, 4MD)
Batting: RHB Pedro Morales 0-0: Ball
1-0: Ball
2-0: Called Strike
2-1: Called Strike
2-2: Grounds into double play, 1-4-3 (Groundball, 15)
Top of the 4th over - 0 run(s), 1 hit(s), 0 error(s), 0 left on base; Buckhead 1 - Ft. Worth 3
BOTTOM OF THE 4TH
Ft. Worth Cattlemen batting - Pitching for Buckhead Bowties : LHP Chester Henry
Batting: RHB Joey Morgan 0-0: Called Strike
0-1: Swinging Strike
0-2: Ball
1-2: Fly out, F7 (Line Drive, 7LM)
Batting: LHB Ryan Westlake 0-0: Called Strike
0-1: Foul Ball, location: 2F
0-2: Ball
1-2: Fly out, F5 (Popup, 5D)
Batting: RHB Jorge Rosa 0-0: Called Strike
0-1: Foul Ball, location: 2F
0-2: Ball
1-2: Ground out 5-3 (Groundball, 56)
Bottom of the 4th over - 0 run(s), 0 hit(s), 0 error(s), 0 left on base; Buckhead 1 - Ft. Worth 3
TOP OF THE 5TH
Buckhead Bowties batting - Pitching for Ft. Worth Cattlemen : LHP Bartolomeu Lio
Batting: RHB Domingo García 0-0: Called Strike
0-1: Ball
1-1: Foul Ball, location: 2F
1-2: Strikes out swinging
Batting: RHB Phil Baker 0-0: Called Strike
0-1: Foul Ball, location: 2F
0-2: SINGLE (Line Drive, 8LS)
Batting: LHB Neil Lawson 0-0: Ball
1-0: Called Strike
1-1: Ball
2-1: Fly out, F8 (Flyball, 8LM)
Batting: RHB Enrique Marroquín 0-0: Fielders Choice at 2nd, 6-4 (Groundball, 6)
Top of the 5th over - 0 run(s), 1 hit(s), 0 error(s), 0 left on base; Buckhead 1 - Ft. Worth 3
BOTTOM OF THE 5TH
Ft. Worth Cattlemen batting - Pitching for Buckhead Bowties : LHP Chester Henry
Batting: SHB Robby Day 0-0: Called Strike
0-1: Fly out, F9 (Flyball, 9S)
Batting: LHB Toyokazu Asano 0-0: Ball
1-0: Called Strike
1-1: Called Strike
1-2: Ball
2-2: Ball
3-2: Ground out 6-3 (Groundball, 6M)
Batting: RHB Bart Lewis 0-0: Ball
1-0: Called Strike
1-1: Ball
2-1: Foul Ball, location: 2F
2-2: SINGLE (Line Drive, 56D)
Batting: RHB Dave King 0-0: Ball
1-0: Ball
2-0: Ball
3-0: Called Strike
3-1: SINGLE (Groundball, 5)
Bart Lewis to second
Pitching: LHP Ramón Torres
Batting: RHB Alan Elder 0-0: Called Strike
0-1: Ball
1-1: Foul Ball, location: 2F
1-2: Ball
2-2: Ball
3-2: Strikes out looking
Bottom of the 5th over - 0 run(s), 2 hit(s), 0 error(s), 2 left on base; Buckhead 1 - Ft. Worth 3
TOP OF THE 6TH
Buckhead Bowties batting - Pitching for Ft. Worth Cattlemen : LHP Bartolomeu Lio
Batting: RHB Gabriel Rodríguez 0-0: Ball
1-0: Ball
2-0: Ground out 6-3 (Groundball, 6)
Batting: LHB Tony Martínez 0-0: Ball
1-0: Called Strike
1-1: Ball
2-1: Foul Ball, location: 2F
2-2: Ball
3-2: Ground out U3 (Groundball, 3L)
Batting: LHB Gregg Young 0-0: Called Strike
0-1: Ball
1-1: SINGLE (Groundball, 3L)
Batting: RHB Won-min Yi 0-0: Swinging Strike
0-1: Foul Ball, location: 2F
0-2: Ball
1-2: Foul Ball, location: 2F
1-2: Strikes out swinging
Top of the 6th over - 0 run(s), 1 hit(s), 0 error(s), 1 left on base; Buckhead 1 - Ft. Worth 3
BOTTOM OF THE 6TH
Ft. Worth Cattlemen batting - Pitching for Buckhead Bowties : LHP Ramón Torres
Batting: RHB Matt Sheppard 0-0: SINGLE (Flyball, 89M)
Batting: RHB Joey Morgan 0-0: Sac Bunt - play at first, batter OUT! 1-3
Matt Sheppard to second
Batting: LHB Ryan Westlake 0-0: Ball
1-0: Ball
2-0: Ball
3-0: Called Strike
3-1: Foul Ball, location: 2F
3-2: Foul Ball, location: 2F
3-2: Fly out, F9 (Flyball, 9S)
Batting: RHB Jorge Rosa 0-0: Called Strike
0-1: Called Strike
0-2: Ball
1-2: Ground out 5-3 (Groundball, 56S)
Bottom of the 6th over - 0 run(s), 1 hit(s), 0 error(s), 1 left on base; Buckhead 1 - Ft. Worth 3
TOP OF THE 7TH
Buckhead Bowties batting - Pitching for Ft. Worth Cattlemen : LHP Bartolomeu Lio
Batting: RHB Pedro Morales 0-0: Called Strike
0-1: Ball
1-1: Ground out 5-3 (Groundball, 5)
Batting: RHB Domingo García 0-0: Foul Ball, location: 2F
0-1: Called Strike
0-2: Strikes out swinging
Batting: RHB Phil Baker 0-0: Ball
1-0: SINGLE (Groundball, 4D)
Pitching: RHP Mike Desmond
Batting: LHB Neil Lawson 0-0: Called Strike
0-1: SINGLE (Line Drive, 78S)
Phil Baker to second
Batting: RHB Enrique Marroquín 0-0: Called Strike
0-1: Foul Ball, location: 2F
0-2: Ball
1-2: Ball
2-2: Ball
3-2: Foul Ball, location: 2F
3-2: Strikes out swinging
Top of the 7th over - 0 run(s), 2 hit(s), 0 error(s), 2 left on base; Buckhead 1 - Ft. Worth 3
BOTTOM OF THE 7TH
Ft. Worth Cattlemen batting - Pitching for Buckhead Bowties : LHP Ramón Torres
Batting: SHB Robby Day 0-0: Called Strike
0-1: Ball
1-1: Ball
2-1: Called Strike
2-2: Foul Ball, location: 2F
2-2: SINGLE (Groundball, 6MD)
Batting: LHB Toyokazu Asano 0-0: Ball
1-0: SINGLE (Groundball, 4MD)
Robby Day to second
Batting: RHB Bart Lewis 0-0: Ball
1-0: Called Strike
1-1: Swinging Strike
1-2: Foul Ball, location: 2F
1-2: Fly out, F3 (Popup, 3F)
Batting: RHB Dave King 0-0: Ball
1-0: Foul Ball, location: 2F
1-1: Ball
2-1: SINGLE (Groundball, 34D) (infield hit)
Robby Day to third
Toyokazu Asano to second
Batting: RHB Alan Elder 0-0: Ball
1-0: Called Strike
1-1: Ball
2-1: Ground out 5-3 (Groundball, 56S)
Robby Day scores
Toyokazu Asano to third
Dave King to second
Batting: RHB Matt Sheppard 0-0: Called Strike
0-1: SINGLE (Groundball, 34D)
Toyokazu Asano scores
Dave King to third
Runner from 3rd tries for Home, SAFE, no throw or cutoff
Pitching: RHP Orlando Miranda
Batting: RHB Joey Morgan 0-0: Ball
1-0: Fly out, F3 (Popup, 23F)
Bottom of the 7th over - 3 run(s), 4 hit(s), 0 error(s), 1 left on base; Buckhead 1 - Ft. Worth 6
TOP OF THE 8TH
Buckhead Bowties batting - Pitching for Ft. Worth Cattlemen : RHP Mike Desmond
Batting: RHB Gabriel Rodríguez 0-0: Called Strike
0-1: Ball
1-1: Called Strike
1-2: Ball
2-2: SINGLE (Line Drive, 9S)
Batting: LHB Tony Martínez 0-0: DOUBLE (Flyball, 89D)
Gabriel Rodríguez to third
Runner from 3rd tries for Home, SAFE, throw made at trailing runner, OUT at third!
Batting: LHB Gregg Young 0-0: Fly out, F8 (Flyball, 8LM)
Batting: RHB Won-min Yi 0-0: Ball
1-0: Foul Ball, location: 2F
1-1: Ball
2-1: Fly out, F9 (Flyball, 9LS)
Top of the 8th over - 1 run(s), 2 hit(s), 0 error(s), 0 left on base; Buckhead 2 - Ft. Worth 6
BOTTOM OF THE 8TH
Ft. Worth Cattlemen batting - Pitching for Buckhead Bowties : RHP Orlando Miranda
Batting: LHB Ryan Westlake 0-0: SINGLE (Line Drive, 89S)
Batting: RHB Jorge Rosa 0-0: Called Strike
0-1: Ball
1-1: Ball
2-1: Sac Bunt - play at first, batter OUT! 1-4
Ryan Westlake to second
Batting: SHB Robby Day 0-0: Called Strike
0-1: Fly out, F7 (Line Drive, 78D)
Batting: LHB Toyokazu Asano 0-0: Called Strike
0-1: Foul Ball, location: 2F
0-2: Foul Ball, location: 2F
0-2: Ground out 4-3 (Groundball, 4)
Bottom of the 8th over - 0 run(s), 1 hit(s), 0 error(s), 1 left on base; Buckhead 2 - Ft. Worth 6
TOP OF THE 9TH
Buckhead Bowties batting - Pitching for Ft. Worth Cattlemen : RHP Mike Desmond
Batting: RHB Pedro Morales 0-0: Ball
1-0: Ball
2-0: Reached on error, E6 (Groundball, 6)
Batting: RHB Domingo García 0-0: Called Strike
0-1: 2-RUN HOME RUN (Flyball, 7D), Distance : 387 ft
Pitching: LHP Jason Horne
Batting: RHB Phil Baker 0-0: Ball
1-0: Ground out 6-3 (Groundball, 6)
Batting: LHB Neil Lawson 0-0: Ball
1-0: Called Strike
1-1: Swinging Strike
1-2: Strikes out looking
Batting: RHB Enrique Marroquín 0-0: Called Strike
0-1: Ball
1-1: Called Strike
1-2: Foul Ball, location: 2F
1-2: Strikes out looking
Top of the 9th over - 2 run(s), 1 hit(s), 1 error(s), 0 left on base; Buckhead 4 - Ft. Worth 6
This league is powered by Out of the Park Baseball, the baseball management simulation game for PC, Mac and Linux
Friday, July 8th, 2016 - OOTP Baseball 16.9 Build 39